 Dungeon Crawl Stone Soup version 0.23-a0-14-g8c9a20f (webtiles) character file.

79688 Amnesiac the Devastator (level 15, -20/112 HPs)
             Began as a Mummy Conjurer on Aug 2, 2018.
             Was a High Priest of Vehumet.
             Demolished by an eldritch tentacle (21 damage)
             ... in a wizard's laboratory.
             The game lasted 00:47:36 (18073 turns).

Amnesiac the Devastator (Mummy Conjurer)           Turns: 18073, Time: 00:47:37

Health: -20/112    AC: 11    Str: 11    XL:     15   Next: 21%
Magic:  0/67       EV: 19    Int: 22    God:    Vehumet [*****.]
Gold:   423        SH:  5    Dex: 18    Spells: 12/44 levels left

rFire    . . .     SeeInvis .   a - staff of power
rCold    . . .     Gourm    .   C - +0 buckler
rNeg     + + +     Faith    .   G - +3 leather armour of Death Resistance {Regen+ rCorr MP+9 Dex+3}
rPois    ∞         Spirit   +   n - +1 hat
rElec    .         Reflect  .   r - scarf {Spirit}
rCorr    +         Harm     .   I - +0 pair of gloves {Dex+3}
MR       +....                  B - +2 pair of boots
Stlth    ++........             i - amulet of magic regeneration
HPRegen  0.68/turn              A - ring of magical power
MPRegen  0.65/turn              H - ring of fire

@: about to teleport
A: no food or potions, fire vulnerability, cold resistance 1, negative energy
resistance 3, torment resistance, unbreathing, in touch with death 1
a: Renounce Religion


You were in a wizard's laboratory.
You worshipped Vehumet.
Vehumet was extremely pleased with you.
You were not hungry.

You visited 3 branches of the dungeon, and saw 15 of its levels.
You visited 1 bazaar.
You also visited: Ice Cave and Wizlab.

You collected 1753 gold pieces.
You spent 1330 gold pieces at shops.

Inventory:

Hand Weapons
 w - a +3 scimitar of flaming
Armour
 n - a +1 hat (worn)
 r - a scarf of spirit shield (worn)
 B - a +2 pair of boots (worn)
 C - a +0 buckler (worn)
 D - a +0 robe of resistance
 G - the +3 leather armour of Death Resistance (worn) {Regen+ rCorr MP+9 Dex+3}
   (You bought it in a shop in a bazaar)

   It affects your dexterity (+3).
   It affects your magic capacity (+9).
   It increases your rate of regeneration.
   It provides partial protection from all sources of acid and corrosion.
 I - a +0 pair of gloves of dexterity (worn)
 J - the +0 cloak "Paemunag" {rF+ MR- Str+5}
   (You found it in a wizard's laboratory)

   It affects your strength (+5).
   It protects you from fire.
   It affects your resistance to hostile enchantments.
Magical Staves
 a - an uncursed staff of power (weapon)
Jewellery
 i - an amulet of magic regeneration (around neck)
 k - an uncursed ring of protection from fire
 p - an uncursed ring of magical power
 z - an uncursed ring of see invisible
 A - a ring of magical power (left hand)
 H - a ring of fire (right hand)
Wands
 g - a wand of polymorph (21)
 h - a wand of random effects (52)
 m - a wand of digging (18)
 o - a wand of disintegration (23)
 s - a wand of enslavement (18)
 t - a wand of paralysis (22)
 u - a wand of flame (27)
 v - a wand of acid (11)
Scrolls
 b - 2 scrolls of identify {!r}
 c - a scroll of enchant weapon {!r}
 d - 12 scrolls of teleportation {!r}
 e - 5 scrolls of enchant armour {!r}
 f - 4 scrolls of remove curse {!r}
 j - a scroll of brand weapon {!r}
 l - 3 scrolls of fear {!r}
 q - a scroll of amnesia {!r}
 y - 2 scrolls of fog {!r}
 E - 3 scrolls of magic mapping {!r}
 F - a scroll of vulnerability {!r}
Miscellaneous
 x - a phial of floods


   Skills:
 + Level 8.7 Fighting
 * Level 9.8 Dodging
 - Level 1.5 Stealth
 - Level 4.0 Shields
 + Level 15.4 Spellcasting
 * Level 15.5 Conjurations


You had 12 spell levels left.
You knew the following spells:

 Your Spells              Type           Power        Failure   Level  Hunger
a - Bolt of Draining      Conj/Necr      ######....   1%          5    N/A
b - Mephitic Cloud        Conj/Pois/Air  #####...     1%          3    N/A
c - Force Lance           Conj/Tloc      ######..     1%          4    N/A
d - Fireball              Conj/Fire      ######....   1%          5    N/A
e - Iskenderun's Mystic   Conj           ######..     1%          4    N/A
f - Fulminant Prism       Conj/Hex       ######....   1%          4    N/A
v - Blink                 Tloc           N/A          7%          2    N/A
w - Yara's Violent Unrav  Hex/Tmut       ###.......   30%         5    N/A

Your spell library contained the following spells:

 Spells                   Type           Power        Failure   Level  Hunger
 Magic Dart               Conj           ####         0%          1    N/A
 Apportation              Tloc           ###...       4%          1    N/A
 Conjure Flame            Conj/Fire      ######..     1%          3    N/A
 Slow                     Hex            ###.....     7%          2    N/A
 Confuse                  Hex            ###.....     14%         3    N/A
 Invisibility             Hex            ###.....     100%        6    N/A
 Freezing Cloud           Conj/Ice/Air   #####.....   21%         6    N/A
 Ring of Flames           Chrm/Fire      ####......   100%        7    N/A
 Animate Dead             Necr           N/A          41%         4    N/A
 Call Imp                 Summ           ###.....     7%          2    N/A
 Tukima's Dance           Hex            ###.....     14%         3    N/A
 Recall                   Summ/Tloc      N/A          14%         3    N/A
 Death Channel            Necr           ####......   100%        6    N/A
 Confusing Touch          Hex            ###...       4%          1    N/A
 Metabolic Englaciation   Hex/Ice        ###.......   77%         5    N/A
 Summon Butterflies       Summ           ###.....     4%          1    N/A
 Alistair's Intoxication  Tmut/Pois      ###.....     77%         5    N/A
 Simulacrum               Ice/Necr       ####......   100%        6    N/A
 Petrify                  Tmut/Erth      ###.....     41%         4    N/A
 Dazzling Spray           Conj/Hex       ######       1%          3    N/A
 Searing Ray              Conj           ######       0%          2    N/A
 Gell's Gravitas          Tloc           ###.......   14%         3    N/A
 Lesser Beckoning         Tloc           ###.......   14%         3    N/A
 Poisonous Vapours        Pois/Air       ###...       7%          2    N/A
 Borgnjor's Vile Clutch   Necr/Erth      ####......   77%         5    N/A

Dungeon Overview and Level Annotations

Branches:
Dungeon (11/15)            Temple (0/1) D:4            Lair (0/6) D:8
    Orc (2/2) D:11            Elf (2/3) Orc:2

Altars:
Cheibriados
Dithmenos
Fedhas
Gozag
Hepliaklqana
Makhleb
Nemelex Xobeh
Okawaru
Qazlal
Trog
Vehumet
Xom
Zin

Shops:
D:6 =   Orc:2 ([[:   Elf:1 (*:

Annotations:
Elf:2 exclusion: Roxanne, Roxanne WizLab 3 transporters, exclusion: obsidian statue


Innate Abilities, Weirdness & Mutations

You do not eat or drink.
Your flesh is vulnerable to fire.
You are immune to poison.
Your flesh is cold resistant. (rC+)
You are immune to negative energy. (rN+++)
You are immune to unholy pain and torment.
You can survive without breathing.
You are in touch with the powers of death.


Message History

You resist with almost no effort. You block the ice devil's attack.
The hellwing hits you.
* * * LOW HITPOINT WARNING * * *
The hellwing hits you but does no damage.
Your fulminant prism explodes!
The blast of energy engulfs the eldritch tentacle.
The eldritch tentacle is severely damaged.
The blast of energy engulfs the sixfirhy.
The sixfirhy is moderately wounded.
The blast of energy engulfs the eldritch tentacle segment.
The eldritch tentacle segment is severely damaged.
The blast of energy engulfs the obsidian statue.
The obsidian statue is severely damaged.
Casting: Fulminant Prism (safe; 1% risk of failure)
Confirm with . or Enter, or press ? or * to list all spells.
Aiming: Fulminant Prism (safe; 1% risk of failure)
Press: ? - help, Dir - move target cursor You conjure a prism of explosive energy!
The eldritch tentacle slaps your fulminant prism!!
Your fulminant prism detonates feebly.
The ice devil misses you. The hellwing hits you.
* * * LOW HITPOINT WARNING * * *
You block the hellwing's attack.
Casting: Fulminant Prism (safe; 1% risk of failure)
Confirm with . or Enter, or press ? or * to list all spells.
Aiming: Fulminant Prism (safe; 1% risk of failure)
Press: ? - help, Dir - move target cursor You conjure a prism of explosive energy!
The quasit disappears in a puff of smoke!
The ice devil hits you!
* * * LOW HITPOINT WARNING * * *
The ice devil freezes you!!
* * * LOW HITPOINT WARNING * * *
The hellwing hits you but does no damage.
You block the hellwing's attack.
The eldritch tentacle slaps your fulminant prism!
Your fulminant prism is engulfed in flames!
Your fulminant prism resists.
Your fulminant prism detonates feebly.
The hellwing completely misses you. The hellwing closely misses you.
The ice devil hits you but does no damage.
The hellwing hits you!
* * * LOW HITPOINT WARNING * * *
The hellwing misses you.
Casting: Fulminant Prism (safe; 1% risk of failure)
Confirm with . or Enter, or press ? or * to list all spells.
You blink.
The obsidian statue's eyes glow briefly.
Casting: Blink (safe; 7% risk of failure)
Confirm with . or Enter, or press ? or * to list all spells.
Aiming: Fulminant Prism (safe; 1% risk of failure)
Press: ? - help, Dir - move target cursor, f - sixfirhy
Aim: a sixfirhy (lightly wounded, summoned)
Okay, then.
Evoke which item? (* to show all) (? for menu, Esc to quit)
Okay, then.
Really read
d - 13 scrolls of teleportation {!r}?
As you read the scroll of teleportation {!r}, it crumbles to dust.
You feel strangely unstable. The sixfirhy closely misses you. x2
The eldritch tentacle slaps you but does no damage.
The eldritch tentacle claws you!!
* * * LOW HITPOINT WARNING * * *
The eldritch tentacle freezes you!!
You die...

####..#.##.≈.#.#.#..#.#..####...
##..##..#.#..#.8.≈.####.#.#.##_≈#
#.##.....##.#..#..#.##...#.#.##..
#≈##..#8#..#.#...#.#...8#.####. #
.##....#.######∩########.#.##.# #
###.##..##.#..###§§#.##.###.#≈# #
...#.#..#.©#...#.§§#©4#.#.##.####
....##.####......§54####.#...##..
##.##.#.#§§....3@.5...#..##.##...
#...##.##.§...#w#./.!.##..###..!.
###.#...##§§:##│##...##.#.#.#....
.###.8.#©##..5*8.5..##©##8.###...
..#.#...##...##.##...##...≈.###..
..#≈#..##.....#5#..§§§##..≈#..###
.##.###.#.......[...§§#.#≈##....#
##..##.####.§§§.....####.≈..##≈#≈
##...#≈.# ©#§§.#.?.#∩ #..###...##


You could see an eldritch tentacle, an obsidian statue, a hellwing, an ice
devil, a sixfirhy, 2 crimson imps, a shadow imp and 2 ufetubi.

Vanquished Creatures
  Rupert (Orc:2)
  An Ice Fiend (IceCv)
  2 tentacled starspawn (WizLab)
  A cacodemon (WizLab)
  A deep elf sorcerer (Elf:1)
  A yellow draconian (WizLab)
  A deep elf death mage (Elf:2)
  A rakshasa (WizLab)
  A centaur warrior (D:11)
  Erica (D:8)
  14 two-headed ogres
  4 ogre magi (Orc:2)
  10 dancing weapons
  6 deep elf knights
  A sixfirhy (WizLab)
  2 glowing orange brains (WizLab)
  A wizard (Elf:1)
  2 deep elf archers (Elf:2)
  2 orc knights
  An anaconda skeleton (WizLab)
  26 deep elf magi
  2 orc sorcerers (Orc:1)
  A cyclops (D:11)
  Maurice (D:8)
  A stone giant skeleton (WizLab)
  2 guardian serpents (WizLab)
  An ice statue (IceCv)
  2 gargoyles
  4 molten gargoyles (Elf:1)
  6 freezing wraiths
  8 ice devils
  4 anaconda simulacra (IceCv)
  A hellwing (WizLab)
  A golden dragon simulacrum (IceCv)
  2 human skeletons (WizLab)
  6 trolls
  A queen bee (D:11)
  4 blink frogs (WizLab)
  A hippogriff (D:10)
  A deep troll skeleton (WizLab)
  A wraith (D:7)
  Sigmund (D:5)
  3 air elementals
  An ice dragon skeleton (WizLab)
  A shadow (D:11)
  2 dire elephant simulacra (IceCv)
  15 yaks
  5 water elementals
  A fire elemental (Elf:1)
  6 fire bats
  A death yak simulacrum (IceCv)
  A chaos spawn (WizLab)
  Grum (D:10)
  2 harpy simulacra (IceCv)
  3 spatial vortices (WizLab)
  5 iron troll simulacra (IceCv)
  2 insubstantial wisps (WizLab)
  Edmund (D:6)
  A large abomination (WizLab)
  An acid dragon (D:11)
  4 hydra simulacra (IceCv)
  A hell hound (D:10)
  A swamp drake (D:11)
  14 orc warriors
  4 ice beasts
  3 phantoms
  A sky beast (D:9)
  An alligator simulacrum (IceCv)
  An ettin simulacrum (IceCv)
  30 ogres
  4 wolves (D:10)
  5 centaurs
  3 boggarts
  3 big kobolds
  4 bullfrogs
  2 earth elementals
  2 wyvern zombies
  3 scorpions
  27 killer bees (D:11)
  3 wights (D:11)
  2 electric eels (D:8)
  4 howler monkeys
  2 lava snakes (D:10)
  3 crimson imps
  3 quasits
  3 draconian simulacra (IceCv)
  3 bullfrog zombies
  5 hounds
  4 jellies
  13 orc priests
  11 orc wizards
  2 centaur skeletons
  2 bullfrog skeletons (D:5)
  An iron imp (D:8)
  2 iguanas
  3 worker ants
  A statue (D:4)
  2 spriggan simulacra (IceCv)
  3 troll simulacra (IceCv)
  3 centaur simulacra (IceCv)
  A hound zombie (D:7)
  3 worker ant zombies
  A howler monkey skeleton (D:8)
  2 ogre simulacra (IceCv)
  12 adders
  A naga simulacrum (IceCv)
  4 shadow imps
  7 white imps
  6 ufetubi (IceCv)
  2 oozes
  2 adder skeletons
  An adder zombie (D:7)
  4 worms
  A dart slug (D:3)
  6 leopard geckos
  70 orcs
  A ball python (D:1)
  8 giant cockroaches
  7 goblins
  7 hobgoblins
  9 jackals
  3 quokkas
  6 bats
  3 frilled lizards
  19 kobolds
  10 rats
  2 crawling corpses (Elf:2)
  3 fire vortices (D:10)
  A starspawn tentacle (WizLab)
573 creatures vanquished.

Vanquished Creatures (collateral kills)
  A killer bee (D:11)
1 creature vanquished.

Vanquished Creatures (others)
  A blink frog (WizLab)
  A fire elemental (Elf:1)
  A killer bee (D:11)
  12 fulminant prisms (WizLab)
  A lurking horror (WizLab)
  3 starspawn tentacles (WizLab)
19 creatures vanquished.

Grand Total: 593 creatures vanquished

Notes
Turn   | Place    | Note
-------+----------+-------------------------------------------
     0 | D:1      | Amnesiac the Mummy Conjurer began the quest for the Orb.
     0 | D:1      | Reached XP level 1. HP: 13/13 MP: 4/4
   404 | D:4      | Reached XP level 2. HP: 19/19 MP: 0/6
   426 | D:4      | Learned a level 2 spell: Searing Ray
   530 | D:5      | Entered Level 5 of the Dungeon
   657 | D:4      | Reached XP level 3. HP: 24/24 MP: 4/8
   781 | D:4      | Found a radiant altar of Vehumet.
   781 | D:4      | Noticed a frost-covered statue
   789 | D:4      | Reached XP level 4. HP: 30/30 MP: 5/10
   824 | D:4      | Learned a level 4 spell: Iskenderun's Mystic Blast
  1056 | D:4      | Killed a frost-covered statue
  1073 | D:4      | Became a worshipper of Vehumet
  1888 | D:1      | Reached XP level 5. HP: 29/35 MP: 8/11
  2130 | D:2      | Reached * piety under Vehumet
  2130 | D:2      | Offered knowledge of Sandblast by Vehumet.
  2429 | D:2      | Found a faded altar of an unknown god.
  3018 | D:3      | Found an opulent altar of Gozag.
  3019 | D:3      | Found a sparkling altar of Nemelex Xobeh.
  3217 | D:4      | Found a staircase to the Ecumenical Temple.
  3342 | D:4      | Found a blossoming altar of Fedhas.
  3344 | D:4      | Found a transporter.
  3439 | D:4      | Found a transporter.
  3530 | D:4      | Reached skill level 5 in Conjurations
  3535 | D:4      | Reached skill level 5 in Spellcasting
  3633 | D:4      | Reached XP level 6. HP: 18/41 MP: 0/13
  3870 | D:5      | Noticed Sigmund
  3894 | D:5      | Killed Sigmund
  3894 | D:5      | Reached XP level 7. HP: 25/46 MP: 1/16
  4212 | D:5      | Reached ** piety under Vehumet
  4452 | D:6      | Offered knowledge of Throw Flame by Vehumet.
  4465 | D:6      | Reached XP level 8. HP: 52/52 MP: 0/18
  4514 | D:6      | Noticed Edmund
  4788 | D:6      | Found a bloodstained altar of Trog.
  4796 | D:6      | Found Maeky's Jewellery Shop.
  4802 | D:6      | Bought an uncursed ring of magical power for 260 gold pieces
  5085 | D:6      | Killed Edmund
  5716 | D:7      | Found a shimmering altar of Xom.
  5716 | D:7      | Found a burning altar of Makhleb.
  5789 | D:7      | Got a distressingly furry chain mail
  5822 | D:7      | Found an iron altar of Okawaru.
  5828 | D:7      | Reached XP level 9. HP: 52/57 MP: 14/21
  5830 | D:7      | Identified the cursed +0 chain mail of Death's Door {*Slow rF+ Slay+3} (You found it on level 7 of the Dungeon)
  5882 | D:7      | Offered knowledge of Conjure Flame by Vehumet.
  5884 | D:7      | Found a stormy altar of Qazlal.
  5936 | D:7      | Reached *** piety under Vehumet
  6524 | D:8      | Found a glowing silver altar of Zin.
  6622 | D:8      | Found a staircase to the Lair.
  6654 | D:8      | Found a shadowy altar of Dithmenos.
  6817 | D:8      | Noticed Maurice
  6824 | D:8      | Killed Maurice
  6944 | D:8      | Offered knowledge of Throw Icicle by Vehumet.
  7172 | D:8      | Noticed Erica
  7185 | D:8      | Killed Erica
  7185 | D:8      | Reached skill level 10 in Spellcasting
  7185 | D:8      | Reached skill level 10 in Conjurations
  7279 | D:8      | Reached XP level 10. HP: 56/63 MP: 23/24
  7412 | D:8      | Found a snail-covered altar of Cheibriados.
  7666 | D:9      | Found a hazy altar of Hepliaklqana.
  7925 | D:9      | Reached **** piety under Vehumet
  8246 | D:9      | Offered knowledge of Bolt of Draining by Vehumet.
  8327 | D:9      | Learned a level 5 spell: Bolt of Draining
  8387 | D:10     | Entered Level 10 of the Dungeon
  8533 | D:10     | Noticed a two-headed ogre
  8539 | D:10     | Killed a two-headed ogre
  8724 | D:10     | Noticed Grum
  8728 | D:10     | Killed Grum
  8869 | D:10     | Reached XP level 11. HP: 68/68 MP: 26/26
  9550 | D:10     | Reached ***** piety under Vehumet
  9642 | D:11     | Offered knowledge of Fireball by Vehumet.
 10212 | D:11     | Noticed an orc knight
 10228 | D:11     | Killed an orc knight
 10911 | D:11     | Learned a level 5 spell: Fireball
 10963 | D:11     | Noticed a centaur warrior
 10974 | D:11     | Killed a centaur warrior
 11359 | D:11     | Offered knowledge of Iskenderun's Battlesphere by Vehumet.
 11415 | D:11     | Reached XP level 12. HP: 71/74 MP: 3/29
 11595 | D:11     | Found a staircase to the Orcish Mines.
 11723 | Orc:1    | Entered Level 1 of the Orcish Mines
 11779 | Orc:2    | Entered Level 2 of the Orcish Mines
 11788 | Orc:2    | Reached skill level 1 in Shields
 11914 | Orc:2    | Found a staircase to the Elven Halls.
 12011 | Orc:2    | Noticed Rupert
 12017 | Orc:2    | Killed Rupert
 12070 | Orc:2    | Noticed a two-headed ogre
 12070 | Orc:2    | Noticed a two-headed ogre
 12070 | Orc:2    | Noticed an ogre mage
 12072 | Orc:2    | Noticed a two-headed ogre
 12073 | Orc:2    | Noticed an ogre mage
 12074 | Orc:2    | Noticed an ogre mage
 12074 | Orc:2    | Noticed a two-headed ogre
 12088 | Orc:2    | Killed a two-headed ogre
 12088 | Orc:2    | Reached skill level 1 in Fighting
 12089 | Orc:2    | Killed a two-headed ogre
 12092 | Orc:2    | Killed an ogre mage
 12095 | Orc:2    | Killed a two-headed ogre
 12098 | Orc:2    | Killed a two-headed ogre
 12100 | Orc:2    | Killed an ogre mage
 12100 | Orc:2    | Killed an ogre mage
 12205 | Orc:2    | Noticed a two-headed ogre
 12205 | Orc:2    | Noticed a two-headed ogre
 12205 | Orc:2    | Noticed an ogre mage
 12213 | Orc:2    | Killed a two-headed ogre
 12214 | Orc:2    | Killed a two-headed ogre
 12223 | Orc:2    | Killed an ogre mage
 12223 | Orc:2    | Reached skill level 5 in Fighting
 12223 | Orc:2    | Reached skill level 5 in Dodging
 12255 | Orc:2    | Noticed a two-headed ogre
 12261 | Orc:2    | Killed a two-headed ogre
 12304 | Orc:2    | Noticed a two-headed ogre
 12307 | Orc:2    | Killed a two-headed ogre
 12315 | Orc:2    | Gained mutation: You are in touch with the powers of death. [Mummy growth]
 12315 | Orc:2    | Reached XP level 13. HP: 91/91 MP: 26/30
 12513 | Orc:2    | Found Ceqoptea's Book Shop.
 12514 | Orc:2    | Found Gorukhlo's Armour Emporium.
 12514 | Orc:2    | Found Cuqedgh's Antique Weapon Boutique.
 12514 | Orc:2    | Found Fetuo's Antique Armour Emporium.
 13251 | Orc:2    | Bought a runed robe for 81 gold pieces
 13251 | Orc:2    | Bought an embroidered hat for 154 gold pieces
 13251 | Orc:2    | Bought an embroidered robe for 81 gold pieces
 13289 | Orc:2    | Bought a +2 pair of boots for 214 gold pieces
 13295 | Orc:2    | Bought a book of Minor Magic for 300 gold pieces
 13299 | Orc:2    | Learned a level 3 spell: Mephitic Cloud
 13302 | Orc:2    | Learned a level 2 spell: Blink
 13307 | Orc:2    | Learned a level 4 spell: Force Lance
 13337 | Elf:1    | Entered Level 1 of the Elven Halls
 13337 | Elf:1    | Found a gateway to a bazaar.
 13342 | Bazaar   | Entered a bazaar
 13363 | Bazaar   | Found Zontysee's Food Boutique.
 13377 | Bazaar   | Found Xizijiapn's General Store.
 13391 | Bazaar   | Found Rioceruq's Food Boutique.
 13416 | Bazaar   | Found Yfalop's Food Boutique.
 13430 | Bazaar   | Found Qifussat's Assorted Antiques.
 13438 | Bazaar   | Bought a scroll labeled BIETIE QULIUNK for 30 gold pieces
 13464 | Bazaar   | Bought a dazzling leather armour for 210 gold pieces
 13468 | Bazaar   | Identified the +3 leather armour of Death Resistance {Regen+ rCorr MP+9 Dex+3} (You bought it in a shop in a bazaar)
 13526 | Elf:1    | Found Bocha's Weapon Shop.
 13529 | Elf:1    | Found Yjug Fel's General Store.
 13589 | Elf:1    | Found a frozen archway.
 13652 | IceCv    | Entered an ice cave
 13777 | IceCv    | Offered knowledge of Yara's Violent Unravelling by Vehumet.
 14431 | IceCv    | Noticed an Ice Fiend
 14471 | IceCv    | Killed an Ice Fiend
 14617 | IceCv    | Got a slimy jade ring
 14650 | Elf:1    | Identified the ring of Uxuuten {rN+ Stlth+} (You found it in an ice cave)
 14666 | Elf:1    | Found Dasihy's Book Shop.
 14723 | Elf:1    | Learned a level 5 spell: Yara's Violent Unravelling
 14995 | Elf:1    | Found a radiant altar of Vehumet.
 14998 | Elf:1    | Reached XP level 14. HP: 101/101 MP: 32/32
 15510 | Elf:1    | Noticed a deep elf sorcerer
 15521 | Elf:1    | Killed a deep elf sorcerer
 15540 | Elf:1    | Offered knowledge of Ozocubu's Refrigeration by Vehumet.
 16231 | Elf:2    | Reached skill level 15 in Conjurations
 16232 | Elf:2    | Reached skill level 15 in Spellcasting
 16382 | Elf:2    | Noticed Roxanne
 16545 | Elf:2    | Found a magical portal.
 16568 | WizLab   | Entered The Roulette of Golubria
 16568 | WizLab   | Found a transporter.
 16571 | WizLab   | Found a corrupted altar of Lugonu.
 16622 | WizLab   | Noticed a cacodemon
 16623 | WizLab   | Found a transporter.
 16650 | WizLab   | Found a transporter.
 16675 | WizLab   | Reached ****** piety under Vehumet
 16773 | WizLab   | Found a transporter.
 17039 | WizLab   | Found a transporter.
 17178 | WizLab   | Found a transporter.
 17232 | WizLab   | Found a transporter.
 17279 | WizLab   | Found a transporter.
 17284 | WizLab   | Noticed a tentacled starspawn
 17312 | WizLab   | Found a transporter.
 17427 | WizLab   | Found a transporter.
 17427 | WizLab   | Found a transporter.
 17530 | WizLab   | Found a transporter.
 17530 | WizLab   | Found a transporter.
 17535 | WizLab   | Reached XP level 15. HP: 104/112 MP: 34/34
 17569 | WizLab   | Noticed a tentacled starspawn
 17569 | WizLab   | Found a transporter.
 17569 | WizLab   | Found a transporter.
 17578 | WizLab   | Killed a tentacled starspawn
 17624 | WizLab   | Found a transporter.
 17631 | WizLab   | Got a polished cloak
 17647 | WizLab   | Identified the +0 cloak "Paemunag" {rF+ MR- Str+5} (You found it in a wizard's laboratory)
 17764 | WizLab   | Found a transporter.
 17839 | WizLab   | Found a corrupted altar of Lugonu.
 17840 | WizLab   | Found a transporter.
 17938 | WizLab   | Killed a tentacled starspawn
 17986 | WizLab   | Found a transporter.
 17986 | WizLab   | Found a transporter.
 18035 | WizLab   | Learned a level 4 spell: Fulminant Prism
 18073 | WizLab   | HP: 1/112 [eldritch tentacle (23)]
 18073 | WizLab   | Demolished by an eldritch tentacle

Vault maps used:
D:1:      dpeg_arrival_rhombus
D:2:      chequers_ecumenical_altar_island
D:3:      grunt_temple_overflow_opulence, first_ration, hex_large
D:4:      vehumet_statue, gammafunk_temple_overflow_arena, temple_statues
D:5:      minmay_joined_circles, uniq_sigmund
D:6:      old_standard_altar, serial_shops, shop, uniq_edmund
D:7:      grunt_temple_overflow_champion_of_chaos, kennysheep_mini_moat,
          okawaru_metal_pillars_1_2
D:8:      slow_altar_2, kennysheep_mini, overflow_temple_1_default,
          dpeg_oklobed_lair, serial_bayou, serial_bayou_shore_a,
          serial_bayou_shore_b, serial_bayou_crossing, serial_bayou_ford_a,
          uniq_erica, uniq_maurice
D:9:      kennysheep_little_box, grunt_ogre_cave
D:10:     dk_vineyard_2, hangedman_incinerator, uniq_grum
D:11:     erik_orc_1, special_room
Orc:2:    st_orc_ogre_mass, uniq_rupert
Elf:1:    portal_ice_cave_entry_frozen_things, basic_altar, serial_shops,
          bzr_entry_dummy, shop_coins, shop_fountains, nicolae_shop_stone,
          hangedman_elf_disciples, minivault_8
Elf:2:    mu_enter_wizlab_5, serial_sigils, serial_sigils_hangedman_snap,
          serial_sigils_hangedman_quiver, nicolae_elf_big_sculpture_2,
          uniq_roxanne, uniq_nikola, uniq_saint_roka
Bazaar:   bazaar_minmay_snake
IceCv:    ice_cave_caverns_01
WizLab:   wizlab_golubria

Skill      XL: |  1  2  3  4  5  6  7  8  9 10 11 12 13 14 |
---------------+-------------------------------------------+-----
Spellcasting   | 3 4 5 6 7 8 10 11 13 14 15 | 15.4
Conjurations   | 4 5 6 7 8 10 11 13 14 15 | 15.5
Shields        | 4 |  4.0
Fighting       | 5 6 8 |  8.7
Dodging        | 5 7 9 |  9.8
Stealth        | |  1.5

Action                   |  1- 3 |  4- 6 |  7- 9 | 10-12 | 13-15 || total
-------------------------+-------+-------+-------+-------+-------++-------
Melee: Mace              |     4 |    67 |    13 |       |       ||    84
       Staff             |       |       |       |     1 |     2 ||     3
 Cast: Magic Dart        |    17 |    68 |       |       |       ||    85
       Searing Ray       |     5 |       |       |       |       ||     5
       Iskenderun's Myst |       |    47 |   166 |   154 |   161 ||   528
       Bolt of Draining  |       |       |       |   192 |   113 ||   305
       Fireball          |       |       |       |    23 |   188 ||   211
       Force Lance       |       |       |       |       |     5 ||     5
       Yara's Violent Un |       |       |       |       |     1 ||     1
       Fulminant Prism   |       |       |       |       |    12 ||    12
       Blink             |       |       |       |       |     1 ||     1
Evoke: Wand              |       |       |     1 |     1 |       ||     2
  Use: Scroll            |       |     6 |     9 |     2 |     8 ||    25
 Stab: Distracted        |       |       |       |     1 |       ||     1
Armor: Robe              |       |    18 |    17 |    19 |       ||    54
       Troll leather arm |       |       |       |     1 |       ||     1
       Leather armour    |       |       |       |       |    35 ||    35
Dodge: Dodged            |     9 |    82 |    58 |    94 |   115 ||   358
Block: Buckler           |       |       |       |       |    42 ||    42

Table legend:
 A = Spawn XP
 B = Non-spawn XP
 C = Spawn XP percentage of total XP
 D = Spawn monster count
 E = Non-spawn monster count
 F = Spawn count percentage of total count
 G = Total turns spent on level
                    A         B        C        D         E        F      G
               +---------+---------+-------+---------+---------+-------+---------
         Total |       0 |  113841 |   0.0 |       0 |     569 |   0.0 | 18073
               +---------+---------+-------+---------+---------+-------+---------
           D:1 |       0 |      52 |   0.0 |       0 |      25 |   0.0 |   648
           D:2 |       0 |      31 |   0.0 |       0 |      16 |   0.0 |   786
           D:3 |       0 |      28 |   0.0 |       0 |      11 |   0.0 |   689
           D:4 |       0 |     348 |   0.0 |       0 |      16 |   0.0 |  1635
           D:5 |       0 |     969 |   0.0 |       0 |      20 |   0.0 |   842
           D:6 |       0 |     723 |   0.0 |       0 |      21 |   0.0 |   956
           D:7 |       0 |    1322 |   0.0 |       0 |      28 |   0.0 |   927
           D:8 |       0 |    2110 |   0.0 |       0 |      21 |   0.0 |  1121
           D:9 |       0 |    3034 |   0.0 |       0 |      25 |   0.0 |   783
          D:10 |       0 |    6119 |   0.0 |       0 |      51 |   0.0 |  1370
          D:11 |       0 |    7813 |   0.0 |       0 |     101 |   0.0 |  1966
         Orc:1 |       0 |    3408 |   0.0 |       0 |      27 |   0.0 |   545
         Orc:2 |       0 |   20944 |   0.0 |       0 |      46 |   0.0 |  1069
         Elf:1 |       0 |   20513 |   0.0 |       0 |      40 |   0.0 |  1506
         Elf:2 |       0 |   17803 |   0.0 |       0 |      27 |   0.0 |   565
         IceCv |       0 |   11475 |   0.0 |       0 |      59 |   0.0 |   995
        WizLab |       0 |   17149 |   0.0 |       0 |      35 |   0.0 |  1505
               +---------+---------+-------+---------+---------+-------+---------
